 Dungeon Crawl Stone Soup version 0.29-a0-474-gdfe5cd140f (webtiles) character file.

Game seed: 10953961096108488042

72 Linklo the Chopper (level 4, -5/40 (41) HPs)
             Began as a Minotaur Berserker on May 23, 2022.
             Was a Believer of Trog.
             Slain by Crazy Yiuf
             ... wielding a +3 quarterstaff of chaos
              (15 damage)
             ... on level 2 of the Dungeon.
             The game lasted 00:12:23 (2308 turns).

Linklo the Chopper (Minotaur Berserker)             Turns: 2308, Time: 00:12:23

HP:   -5/40 (41)    AC:  3    Str: 23    XL:     4   Next: 7%
MP:   3/3           EV: 12    Int:  4    God:    Trog [**....]
Gold: 103           SH:  0    Dex: 10    Spells: 3/3 levels left

rFire   . . .      SeeInvis .   a - +0 hand axe
rCold   . . .      Faith    .   (no shield)
rNeg    . . .      Spirit   .   f - +0 robe {Will+}
rPois   .          Reflect  .   (helmet restricted)
rElec   .          Harm     .   (no cloak)
rCorr   .          Rampage  .   h - +0 pair of gloves
Will    ++...                   (no boots)
Stlth   +.........              e - amulet of regeneration
HPRegen 0.93/turn               k - ring of willpower
MPRegen 0.08/turn               (no ring)

@: lightly drained
A: horns 2, retaliatory headbutt
a: Renounce Religion, Berserk, Trog's Hand


You were on level 2 of the Dungeon.
You worshipped Trog.
Trog was pleased with you.
You visited 1 branch of the dungeon, and saw 2 of its levels.

You collected 103 gold pieces.

Inventory:

Hand Weapons
 a - a +0 hand axe (weapon)
Armour
 b - a +0 animal skin
 c - a +0 ring mail
 f - a +0 robe of willpower (worn)
 h - a +0 pair of gloves (worn)
Jewellery
 e - an amulet of regeneration (around neck)
 k - a ring of willpower (left hand)
Scrolls
 g - a scroll of poison
 i - a scroll of identify
Potions
 d - a potion of degeneration {unknown}
 j - 2 potions of curing {unknown}
 l - a potion of attraction {unknown}


   Skills:
 + Level 4.4 Fighting
 * Level 4.7 Axes
 + Level 2.9 Armour
 * Level 2.9 Dodging


You had 3 spell levels left.
You didn't know any spells.
Your spell library was empty.

Dungeon Overview and Level Annotations

Branches:
Dungeon (2/15)

Altars:

Annotations:
D:2 Crazy Yiuf


Innate Abilities, Weirdness & Mutations

You have a pair of horns on your head.
You reflexively headbutt those who attack you in melee.


Message History

A bat comes into view.
A bat is nearby!
The bat hits you but does no damage.
You hit the bat but do no damage. Your headbutt misses the bat.
The bat barely misses you.
You hit the bat.
You kill the bat!
Trog accepts your kill.
No target in view!
You see here a dart slug corpse.
Things that are here:
a +0 club; a goblin skeleton
Found a mace.
Found a runed translucent door.
Crazy Yiuf shouts!
You open the door.
Cleave: a) +0 hand axe
Press: ? - help, Dir - move target, f - Crazy Yiuf
Aim: Crazy Yiuf, wielding a +3 quarterstaff of chaos and wearing a +0 cloak (about 35% to evade your +0 hand axe)
You hit Crazy Yiuf.
Crazy Yiuf is lightly wounded.
Crazy Yiuf hits you with a +3 quarterstaff of chaos!
You feel drained.
You closely miss Crazy Yiuf.
Crazy Yiuf is lightly wounded.
Crazy Yiuf yells, "Goldfish!
Ice turtle snockshim."
Crazy Yiuf closely misses you.
You hit Crazy Yiuf. Your headbutt misses Crazy Yiuf.
Crazy Yiuf is heavily wounded.
Crazy Yiuf laughs, "Defame down cower!"
Crazy Yiuf hits you with a +3 quarterstaff of chaos!
Crazy Yiuf burns you.
You hit Crazy Yiuf but do no damage.
Crazy Yiuf is heavily wounded.
Crazy Yiuf completely misses you.
You hit Crazy Yiuf.
Crazy Yiuf is heavily wounded.
Crazy Yiuf hits you with a +3 quarterstaff of chaos!
* * * LOW HITPOINT WARNING * * *
You are electrocuted!
You die...

##.#.#..######..##
#. #.#.#..### ####
#. #.#......# #.
#.######## #####
#. #.# #..)# #.
#.# #...# #. #.#
... #. #.# #g# #.
#.# ♣♣@♣ #. #.#
♣.♣♣ #. #.########
♣♣.♣ ###########.
#........# ♣.♣♣
#.........#.
#.######## ♣♣.♣♣
#########... #.#
♣...♣♣ #.#. #.#
♣....♣ #.#. #.#
#....# ##### #.#.
#.#
#....####...###
#.#.


You could see Crazy Yiuf.

Vanquished Creatures
  Robin (D:2)
  A gnoll (D:1)
  A worm (D:2)
  3 dart slugs
  5 bats
  2 endoplasms
  12 goblins
  2 hobgoblins
  2 quokkas
  4 ball pythons
  A frilled lizard (D:2)
  3 kobolds
  2 rats
39 creatures vanquished.

Notes
Turn   | Place    | Note
-------+----------+-------------------------------------------
     0 | D:1      | Linklo the Minotaur Berserker began the quest for the Orb.
     0 | D:1      | Reached XP level 1. HP: 19/19 MP: 0/0
   502 | D:1      | Reached XP level 2. HP: 27/27 MP: 1/1
  1496 | D:2      | Reached XP level 3. HP: 27/33 MP: 2/2
  1915 | D:2      | Noticed Robin
  1936 | D:2      | Killed Robin
  1962 | D:2      | Reached ** piety under Trog
  2029 | D:2      | Reached XP level 4. HP: 41/41 MP: 3/3
  2299 | D:2      | Found a runed translucent door.
  2300 | D:2      | Noticed Crazy Yiuf
  2308 | D:2      | Slain by Crazy Yiuf

Illustrated notes

Levels and vault maps discovered:
D:1:      dpeg_arrival_triangle_fractal, layout_basic
D:2:      layout_loops_ring, uniq_crazy_yiuf_cottage, uniq_robin

Skill      XL: |  1  2 |
---------------+-------+-----
Axes           | 4 |  4.7
Fighting       | 4 |  4.4
Armour         | |  2.9
Dodging        | |  2.9

Action                   |  1- 3 |  4- 6 || total
-------------------------+-------+-------++-------
Melee: Hand axe          |    67 |     9 ||    76
       Headbutt          |    10 |       ||    10
       Punch             |     1 |       ||     1
  Use: Scroll            |     5 |       ||     5
Armor: Animal skin       |     1 |       ||     1
       Robe              |     6 |     1 ||     7
Dodge: Dodged            |    39 |     3 ||    42

Table legend: (Time is in decaauts)
 A = Elapsed time spent in this place.
 B = Non-inter-level travel time spent in this place.
 C = Inter-level travel time spent in this place.
 D = Time resting spent in this place.
 E = Time spent auto-exploring this place.
 F = Levels seen in this place.
 G = Mean time per level.
                   A        B        C        D        E       F      G
               +--------+--------+--------+--------+--------+-----+--------+
         Total |   2313 |   1462 |    851 |    515 |    647 |   2 | 1156.5 |
       Dungeon |   2313 |   1462 |    851 |    515 |    647 |   2 | 1156.5 |
               +--------+--------+--------+--------+--------+-----+--------+

Top non-repeatable levels by time:
     D:1: 1455 daAuts
     D:2: 858 daAuts
